 Dungeon Crawl Stone Soup version 0.20.1-1-g8b1a95d (webtiles) character file.

2030 Jannitor the Covert (level 9, -1/47 HPs)
             Began as a Vine Stalker Assassin on Aug 24, 2017.
             Was a Follower of Uskayaw.
             Succumbed to a killer bee's poison
             ... on level 6 of the Dungeon.
             The game lasted 00:13:48 (5278 turns).

Jannitor the Covert (Vine Stalker Assassin)         Turns: 5278, Time: 00:13:49

Health: -1/47      AC:  6    Str: 14    XL:     9   Next: 23%
Magic:  10/10      EV: 15    Int: 13    God:    Uskayaw [*.....]
Gold:   25         SH:  0    Dex: 19    Spells: 8/8 levels left

rFire    . . .     SeeInvis .   a - +2 dagger
rCold    . . .     Gourm    .   (no shield)
rNeg     + . .     Faith    .   c - +0 robe
rPois    .         Spirit   +   i - +0 helmet
rElec    .         Reflect  .   d - +0 cloak
rCorr    .         Harm     .   (no gloves)
MR       +....     Rnd*Rage +   (no boots)
Stlth    ++++......             (no amulet)
Regen    0.6/turn               y - +2 ring of protection
MPRegen  0.2/turn               A - ring of positive energy

@: lethally poisoned (-1 -> -13), about to teleport
A: fangs 3, berserk 1, clever 1, regeneration 1, magic shield, antimagic bite,
no potion heal 3, rot immunity
a: Stomp, Renounce Religion


You were on level 6 of the Dungeon.
You worshipped Uskayaw.
Uskayaw was noncommittal.
You were very hungry.

You visited 2 branches of the dungeon, and saw 8 of its levels.
You also visited: Ossuary.

You collected 333 gold pieces.
You spent 308 gold pieces at shops.

Inventory:

Hand Weapons
 a - a +2 dagger (weapon)
 b - a +1 blowgun
Missiles
 e - 8 poisoned needles
 o - a curare-tipped needle
Armour
 c - a +0 robe (worn)
 d - a +0 cloak (worn)
 i - a +0 helmet (worn)
Jewellery
 j - a +3 ring of intelligence
 n - an uncursed ring of ice
 y - a +2 ring of protection (left hand)
 A - a ring of positive energy (right hand)
 I - an uncursed ring of resist corrosion {unknown}
Wands
 f - a wand of random effects (25/48)
 s - a wand of digging (15/24)
 E - a wand of random effects (13/48)
Scrolls
 k - 2 scrolls of fog {unknown}
 q - a scroll of immolation
 t - 2 scrolls of remove curse
 u - a scroll of silence {unknown}
 x - a scroll of amnesia
 z - 3 scrolls of enchant armour {unknown}
 B - 3 scrolls of identify
 H - a scroll of fear {unknown}
Potions
 h - a potion of might
 m - a potion of haste
 p - a potion of heal wounds
 r - 2 potions of agility
 v - 2 potions of flight {unknown}
 C - a potion of mutation
 F - a potion of cancellation {unknown}
Books
 G - a book of Changes

   Spells                             Type                      Level
   a - Beastly Appendage              Transmutation                1
   b - Sticks to Snakes               Transmutation                2
   c - Spider Form                    Transmutation/Poison         3
   d - Ice Form                       Ice/Transmutation            4
   e - Blade Hands                    Transmutation                5
Comestibles
 g - 3 bread rations
 l - 6 meat rations
 w - 4 royal jellies


   Skills:
 + Level 5.3 Fighting
 + Level 5.1 Short Blades
 + Level 4.8 Throwing
 + Level 4.2 Dodging
 + Level 8.4 Stealth


You had 8 spell levels left.
You didn't know any spells.

Dungeon Overview and Level Annotations

Branches:
Dungeon (7/15)             Temple (1/1) D:6

Altars:
Cheibriados
Dithmenos
Elyvilon
Fedhas
Gozag
Kikubaaqudgha
Makhleb
Nemelex Xobeh
Okawaru
Ru
Sif Muna
Uskayaw
Vehumet
Zin
The Shining One

Shops:
D:6 *


Innate Abilities, Weirdness & Mutations

You have razor-sharp teeth.
Your natural rate of healing is unusually fast.
When hurt, damage is shared between your health and your magic reserves.
Your bite disrupts and absorbs the magic of your enemies.
Potions cannot restore your health.
You are immune to rotting.
You tend to lose your temper in combat.
Your mind is acute. (Int +2)


Message History

Unknown command.
As you read the scroll of teleportation, it crumbles to dust.
You feel strangely unstable.
* * * LOW HITPOINT WARNING * * *
You feel sick. The killer bee barely misses you. The killer bee misses you.
The killer bee stings you!
* * * LOW HITPOINT WARNING * * *
You are more poisoned.
The killer bee poisons you!
The killer bee stings you but does no damage.
Unknown command.
* * * LOW HITPOINT WARNING * * *
You feel sick. The killer bee misses you.
The killer bee stings you but does no damage.
You don't have enough magic at the moment.
Okay, then.
You hit the killer bee. You bite the killer bee! You drain its power.
You feel invigorated.
The killer bee is heavily wounded.
You die...

......## #..#### #####
.......####.## ............#
####### ..........###### #.....#
##### #...####.......######.....#
#.... #..[.####.####..§...#.....#
#....
####.#.........§§§§.......###....
.........#.....§§§§##.....#...##.
.#######.......y@§§##>......####.
..######.......>y..##......## #.
.......#...###...###.......# #.
.........#.###.#..........## #.
.(.....###.##....###.<)...# #.
.......# #.......# #.....## #.
.......# ###.....# #.....# ##.
.......# #.....###.#..## #..
.......# ##.....##.##..## #..


You could see 2 killer bees.

Vanquished Creatures
  Pikel (D:4)
  The ghost of Xtrian the Sneak, a novice NaEn of Sif Muna (D:4)
  Sigmund (D:4)
  The ghost of Zaque the Insei, an amateur OpTm (D:3)
  Edmund (D:4)
  An ogre (D:6)
  An ice beast (D:6)
  An elf zombie (Ossuary)
  Blork the orc (D:5)
  A crimson imp (D:6)
  3 jellies (D:6)
  An orc wizard (D:6)
  3 human zombies (Ossuary)
  Natasha (twice) (D:4)
  A worker ant (D:5)
  4 mummies (Ossuary)
  Robin (D:4)
  3 gnolls
  5 adders
  A shadow imp (D:5)
  2 oozes
  2 adder skeletons (D:4)
  3 worms
  A dart slug (D:1)
  6 leopard geckos
  2 orcs (D:6)
  7 bats
  4 giant cockroaches
  2 gnoll zombies (Ossuary)
  10 goblins
  12 hobgoblins
  7 jackals (D:1)
  9 kobolds
  4 quokkas
  2 ball pythons
  7 frilled lizards
  A goblin zombie (Ossuary)
  A jackal skeleton (D:4)
  A kobold zombie (Ossuary)
  3 orc zombies (Ossuary)
  27 rats
  A rat zombie (Ossuary)
148 creatures vanquished.

Vanquished Creatures (others)
  A goblin (D:4)
  2 hobgoblins (D:4)
  A quokka (D:4)
4 creatures vanquished.

Grand Total: 152 creatures vanquished

Notes
Turn   | Place    | Note
-------+----------+-------------------------------------------
     0 | D:1      | Jannitor the Vine Stalker Assassin began the quest for the Orb.
     0 | D:1      | Reached XP level 1. HP: 11/11 MP: 2/2
    89 | D:1      | Reached skill level 1 in Dodging
    90 | D:1      | Reached XP level 2. HP: 15/15 MP: 3/3
   285 | D:1      | Reached skill level 5 in Stealth
   716 | D:1      | Reached XP level 3. HP: 18/18 MP: 4/4
   749 | D:1      | You fall through a shaft!
  1063 | D:2      | Gained mutation: Your natural rate of healing is unusually fast. [Vine Stalker growth]
  1063 | D:2      | Reached XP level 4. HP: 22/23 MP: 5/5
  1788 | D:3      | Noticed Zaque's ghost (amateur OpTm)
  2159 | D:2      | Reached XP level 5. HP: 17/27 MP: 6/6
  2408 | D:4      | Found an opulent altar of Gozag.
  2445 | D:4      | Noticed Edmund
  2459 | D:4      | Gained mutation: You tend to lose your temper in combat. [potion of mutation]
  2459 | D:4      | Gained mutation: Your mind is acute. (Int +2) [potion of mutation]
  2586 | D:4      | Killed Edmund
  2586 | D:4      | Reached skill level 6 in Stealth
  2586 | D:4      | Reached XP level 6. HP: 18/32 MP: 3/7
  2691 | D:4      | Noticed Xtrian's ghost (novice NaEn)
  2699 | D:4      | Found a white marble altar of Elyvilon.
  2751 | D:4      | Found a sand-covered staircase.
  2755 | Ossuary  | Entered an ossuary
  3041 | Ossuary  | Reached XP level 7. HP: 29/36 MP: 8/8
  3242 | D:4      | Killed Xtrian's ghost
  3242 | D:4      | Reached skill level 7 in Stealth
  3322 | D:4      | Noticed Robin
  3324 | D:4      | Noticed Pikel
  3443 | D:4      | Killed Pikel
  3443 | D:4      | Gained mutation: You have razor-sharp teeth. [Vine Stalker growth]
  3443 | D:4      | Reached XP level 8. HP: 42/42 MP: 6/9
  3448 | D:4      | Killed Robin
  3544 | D:4      | Noticed Sigmund
  3557 | D:4      | Killed Sigmund
  3673 | D:4      | Noticed Natasha
  3679 | D:4      | Killed Natasha
  3780 | D:4      | Noticed Natasha
  3783 | D:4      | Killed Natasha
  4020 | D:3      | Killed Zaque's ghost
  4020 | D:3      | Reached skill level 8 in Stealth
  4110 | D:5      | Entered Level 5 of the Dungeon
  4468 | D:5      | Noticed Blork the orc
  4478 | D:5      | Killed Blork the orc
  4478 | D:5      | Reached skill level 5 in Fighting
  4478 | D:5      | Reached XP level 9. HP: 45/47 MP: 10/10
  4796 | D:6      | Reached skill level 5 in Short Blades
  4808 | D:6      | Found a shadowy altar of Dithmenos.
  4812 | D:6      | Found Voxidono's Assorted Antiques.
  4820 | D:6      | Bought a glowing dagger for 140 gold pieces
  4820 | D:6      | Bought a scroll labeled JOISEA MOREITUVEMO for 28 gold pieces
  4820 | D:6      | Bought a pearl ring for 140 gold pieces
  4966 | D:6      | Found a staircase to the Ecumenical Temple.
  4984 | Temple   | Entered the Ecumenical Temple
  5015 | Temple   | Became a worshipper of Uskayaw the Reveler
  5255 | D:7      | Reached * piety under Uskayaw
  5271 | D:7      | Reached ** piety under Uskayaw
  5276 | D:6      | HP: 2/47 [killer bee (7)]
  5278 | D:6      | Succumbed to a killer bee's poison

Skill      XL: |  1  2  3  4  5  6  7  8  9 |
---------------+----------------------------+-----
Fighting       | 2 3 4 5 |  5.3
Dodging        | 1 2 3 4 |  4.2
Short Blades   | 2 3 4 5 |  5.1
Stealth        | 5 6 7 8 |  8.4
Throwing       | 2 3 4 |  4.8

Action                   |  1- 3 |  4- 6 |  7- 9 || total
-------------------------+-------+-------+-------++-------
Melee: Dagger            |    75 |   272 |   313 ||   660
       Bite              |    17 |   103 |    92 ||   212
 Fire: Blowgun           |       |     2 |     1 ||     3
  Use: Scroll            |       |    10 |     3 ||    13
       Potion            |       |     4 |     5 ||     9
 Stab: Sleeping          |     9 |     6 |     6 ||    21
       Distracted        |       |       |     1 ||     1
  Eat: Chunk             |       |     6 |     3 ||     9
       Bread ration      |       |     1 |       ||     1
Armor: Robe              |    12 |    36 |    44 ||    92
       Skin              |       |       |    33 ||    33
Dodge: Dodged            |    33 |   141 |   130 ||   304
